 Dungeon Crawl Stone Soup version 0.23.2-1-ga50397a6bc (webtiles) character file.

Game seed: 14170459731229906520

1598 Morbidden the Grappler (level 8, -1/99 HPs)
             Began as a Red Draconian Transmuter on Apr 26, 2019.
             Was a Believer of Nemelex Xobeh.
             Slain by a killer bee (4 damage)
             ... on level 6 of the Dungeon.
             The game lasted 00:18:14 (7667 turns).

Morbidden the Grappler (Red Draconian Transmuter)   Turns: 7667, Time: 00:18:14

Health: -1/99      AC:  6    Str: 21    XL:     8   Next: 62%
Magic:  11/11      EV: 14    Int: 15    God:    Nemelex Xobeh [**....]
Gold:   255        SH:  0    Dex: 13    Spells: 8/11 levels left

rFire    + + .     SeeInvis .     - Unarmed
rCold    + + .     Gourm    .   (no shield)
rNeg     . . .     Faith    .   (armour unavailable)
rPois    +         Spirit   .   (helmet restricted)
rElec    +         Reflect  .   (no cloak)
rCorr    +         Harm     .   (no gloves)
MR       .....                  (no boots)
Stlth    ..........             (no amulet)
HPRegen  0.26/turn              u - +4 ring of strength
MPRegen  0.12/turn              t - ring of protection from cold

@: berserking, short of breath, resistant, flying, very slightly contaminated,
very quick
A: breathe fire, unfitting armour, agile 1, dopey 1, fire resistance 1,
cold-blooded, AC +6
a: Breathe Fire, Draw Escape, Draw Destruction, Draw Summoning, Renounce
Religion


You were on level 6 of the Dungeon.
You worshipped Nemelex Xobeh.
Nemelex Xobeh was pleased with you.
You were near starving.

You visited 1 branch of the dungeon, and saw 7 of its levels.

You collected 255 gold pieces.

Inventory:

Missiles
 a - 65 arrows
Jewellery
 h - an uncursed ring of see invisible
 s - a +1 ring of protection
 t - a ring of protection from cold (right hand)
 u - a +4 ring of strength (left hand)
Wands
 q - a wand of disintegration (8)
 r - a wand of polymorph (14)
Scrolls
 e - a scroll of fog {unknown}
 i - 3 scrolls of remove curse
 j - 2 scrolls of amnesia
 k - 7 scrolls of identify
 l - 2 scrolls of blinking
 p - 2 scrolls of teleportation {unknown}
Potions
 b - 3 potions of haste
 m - a potion of degeneration
 n - a potion of flight
 o - a potion of brilliance {unknown}
Comestibles
 c - 7 rations


   Skills:
 * Level 3.9 Fighting
 + Level 4.2 Dodging
 - Level 0.8 Stealth
 + Level 8.1 Unarmed Combat
 + Level 2.4 Spellcasting
 * Level 4.1 Transmutations
 * Level 3.9 Invocations


You had 8 spell levels left.
You knew the following spells:

 Your Spells              Type           Power        Failure   Level  Hunger
a - Beastly Appendage     Tmut           ##....       4%          1    #......
b - Sticks to Snakes      Tmut           ##......     6%          2    ###....

Your spell library contained the following spells:

 Spells                   Type           Power        Failure   Level  Hunger
 Magic Dart               Conj           #...         22%         1    #......
 Spider Form              Tmut/Pois      #.........   26%         3    ###....
 Blink                    Tloc           N/A          32%         2    ###....
 Call Imp                 Summ           #.......     32%         2    ###....
 Slow                     Hex            #.......     32%         2    ###....
 Conjure Flame            Conj/Fire      #.......     54%         3    ###....
 Mephitic Cloud           Conj/Pois/Air  #.......     54%         3    ###....
 Ice Form                 Ice/Tmut       #.......     65%         4    #####..
 Blade Hands              Tmut           ##........   73%         5    ######.


Dungeon Overview and Level Annotations

Branches:
Dungeon (7/15)             Temple (0/1) D:6

Altars:
Dithmenos
Elyvilon
Hepliaklqana
Kikubaaqudgha
Nemelex Xobeh
Okawaru
Qazlal
Uskayaw
Vehumet
Wu Jian

Shops:
D:4 *   D:5 }   D:6 :


Innate Abilities, Weirdness & Mutations

You can breathe blasts of fire.
Your fiery red scales are hard. (AC +6)
You cannot fit into any form of body armour.
Your flesh is heat resistant. (rF+)
You are cold-blooded and may be slowed by cold attacks.
You are agile. (Dex +2)
You are dopey. (Int -2)


Message History

The killer bee is engulfed in blazing flames.
The killer bee stings you!
* * * LOW HITPOINT WARNING * * *
Unknown command.
Unknown command.
Unknown command.
Unknown command.
It was a potion of resistance.
You feel protected.
The killer bee stings you but does no damage.
The killer bee is engulfed in blazing flames.
You kill the killer bee!
The killer bee stings you.
* * * LOW HITPOINT WARNING * * *
It was a potion of berserk rage.
A red film seems to cover your vision as you go berserk!
You feel yourself moving faster!
You feel mighty! The killer bee closely misses you. The killer bee stings you.
You die...
Your body glows slightly and disappears.

)....## ##.##[# #####..###.#.
......## #..#.# #P.P##.#.
.......#######.#.#########.###.#.
.......................P#...#P.#.
........#######...........>....#.
......#.#........######P#...#P##.
.....##.#.####....###...##.##.<#.
....###.#.#..#........###P.P##.#.
...## #.#.#..#..@☼...............
..## #.#.#..#.y#........########
.### #.#)##.#..#..............#
...# #.#....#..#........#####.#
...# #.####.#..#........# #.#
...# #.........#........# #.#
...# ######.##=########## #.#
...# #.##.##### #.# ####
#........# #.#


You could see a killer bee.

Vanquished Creatures
  A troll (D:6)
  Edmund (D:5)
  Menkaure (D:6)
  A phantom (D:6)
  2 bullfrogs (D:6)
  A scorpion (D:4)
  2 killer bees
  A crimson imp (D:6)
  A jelly (D:4)
  2 quasits
  2 bullfrog skeletons (D:5)
  A hound (D:5)
  2 orc priests
  An orc wizard (D:4)
  2 worker ants
  A worker ant zombie (D:6)
  A howler monkey skeleton (D:6)
  6 adders
  A gnoll (D:1)
  2 oozes
  2 worms
  4 leopard geckos
  9 orcs
  7 bats
  4 giant cockroaches
  8 hobgoblins
  8 jackals
  8 kobolds
  3 quokkas
  3 ball pythons
  5 frilled lizards
  5 goblins
  11 rats
109 creatures vanquished.

Vanquished Creatures (collateral kills)
  Grinder (D:5)
  A phantom (D:4)
  2 killer bees (D:7)
4 creatures vanquished.

Vanquished Creatures (others)
  A hobgoblin (D:3)
  A quokka (D:3)
  A frilled lizard (D:5)
3 creatures vanquished.

Grand Total: 116 creatures vanquished

Notes
Turn   | Place    | Note
-------+----------+-------------------------------------------
     0 | D:1      | Morbidden the Draconian Transmuter began the quest for the
                  | Orb.
     0 | D:1      | Reached XP level 1. HP: 16/16 MP: 3/3
   379 | D:1      | Reached XP level 2. HP: 22/23 MP: 5/5
   583 | D:1      | Reached XP level 3. HP: 26/28 MP: 6/6
  1303 | D:2      | Reached skill level 4 in Unarmed Combat
  1400 | D:2      | Found a sparkling altar of Nemelex Xobeh.
  1410 | D:2      | Found a hazy altar of Hepliaklqana.
  1422 | D:2      | Became a worshipper of Nemelex Xobeh the Trickster
  1524 | D:2      | Found a stormy altar of Qazlal.
  1524 | D:2      | Found a shadowy altar of Dithmenos.
  1526 | D:2      | Found an ancient bone altar of Kikubaaqudgha.
  1529 | D:2      | Found a hide-covered altar of Uskayaw.
  1530 | D:2      | Found an ornate altar of the Wu Jian Council.
  1621 | D:2      | Received a gift from Nemelex Xobeh
  1646 | D:2      | Reached XP level 4. HP: 24/35 MP: 5/7
  2227 | D:3      | Reached * piety under Nemelex Xobeh
  2304 | D:3      | Received a gift from Nemelex Xobeh
  2913 | D:4      | Found Marphips's General Store.
  2972 | D:4      | Reached XP level 5. HP: 30/41 MP: 8/8
  3199 | D:4      | Noticed Eustachio
  3201 | D:4      | Noticed Eustachio
  3201 | D:4      | Eustachio changed into Eustachio the ooze
  3208 | D:4      | Killed Eustachio the ooze
  3364 | D:4      | Reached skill level 1 in Invocations
  3490 | D:4      | Found an iron altar of Okawaru.
  3541 | D:4      | Reached skill level 5 in Unarmed Combat
  3556 | D:4      | Found a white marble altar of Elyvilon.
  3707 | D:4      | Noticed a phantom
  3714 | D:4      | HP: 1/41 [card of wild magic (40)]
  4049 | D:4      | Killed a phantom
  4169 | D:3      | HP: 2/41 [orc/+0 morningstar (11)]
  4524 | D:4      | Reached XP level 6. HP: 17/48 MP: 9/9
  4896 | D:4      | Reached ** piety under Nemelex Xobeh
  5139 | D:5      | Entered Level 5 of the Dungeon
  5400 | D:5      | Reached skill level 6 in Unarmed Combat
  5401 | D:5      | Noticed Grinder
  5403 | D:5      | Paralysed by Grinder for 2 turns
  5409 | D:5      | Paralysed by Grinder for 4 turns
  5422 | D:5      | Killed Grinder
  5422 | D:5      | Your scales start taking on a fiery red colour.
  5422 | D:5      | Reached XP level 7. HP: 19/56 MP: 10/10
  5422 | D:5      | Gained mutation: Your flesh is heat resistant. (rF+) [Red
                  | Draconian growth]
  5679 | D:5      | Noticed Edmund
  5955 | D:5      | Killed Edmund
  6012 | D:5      | Found an ornate altar of the Wu Jian Council.
  6043 | D:5      | Found a radiant altar of Vehumet.
  6079 | D:5      | Received a gift from Nemelex Xobeh
  6084 | D:5      | Found Vodol's Gadget Boutique.
  6347 | D:6      | Noticed a troll
  6352 | D:6      | Killed a troll
  6352 | D:6      | Reached skill level 7 in Unarmed Combat
  6504 | D:6      | Noticed Menkaure
  6516 | D:6      | Killed Menkaure
  6516 | D:6      | Reached XP level 8. HP: 36/63 MP: 11/11
  6729 | D:6      | Gained mutation: You are dopey. (Int -2) [potion of
                  | mutation]
  6729 | D:6      | Gained mutation: You are agile. (Dex +2) [potion of
                  | mutation]
  7078 | D:6      | Found Teumnux's Book Shop.
  7142 | D:6      | Found a staircase to the Ecumenical Temple.
  7345 | D:6      | Learned a level 2 spell: Sticks to Snakes
  7657 | D:7      | Reached skill level 8 in Unarmed Combat
  7665 | D:6      | HP: 2/66 [killer bee (9)]
  7667 | D:6      | Slain by a killer bee

Skill      XL: |  1  2  3  4  5  6  7  8 |
---------------+-------------------------+-----
Dodging        | 2 3 4 |  4.2
Unarmed Combat | 4 5 6 7 8 |  8.1
Invocations    | 1 2 3 |  3.9
Fighting       | 2 3 |  3.9
Transmutations | 3 4 |  4.1
Stealth        | |  0.8
Spellcasting   | |  2.4

Action                   |  1- 3 |  4- 6 |  7- 9 || total
-------------------------+-------+-------+-------++-------
Melee: Unarmed           |   112 |   261 |    82 ||   455
       Tailslap          |    11 |    18 |    10 ||    39
       Headbutt          |     4 |     1 |       ||     5
       Kick              |     6 |     3 |       ||     9
       Punch             |     1 |     2 |     5 ||     8
 Cast: Beastly Appendage |    16 |     9 |       ||    25
       Sticks to Snakes  |       |       |     1 ||     1
 Abil: Draw Destruction  |       |    13 |     6 ||    19
       Draw Escape       |       |     5 |     1 ||     6
       Draw Summoning    |       |     2 |     1 ||     3
       Breathe Fire      |       |       |    10 ||    10
  Use: Scroll            |     2 |       |     6 ||     8
       Potion            |       |     4 |     5 ||     9
  Eat: Chunk             |     2 |     6 |     4 ||    12
       Ration            |       |     2 |     1 ||     3
Armor: Skin              |    41 |    89 |    29 ||   159
Dodge: Dodged            |    89 |   182 |    69 ||   340
